 Dungeon Crawl Stone Soup version 0.25.1-2-g60ff931df9 (webtiles) character file.

Game seed: 16436520456991674354

11736 Johnny the Geomancer (level 11, -2/74 HPs)
             Began as a Demigod Earth Elementalist on Oct 21, 2020.
             Slain by an eight-headed hydra (10 damage)
             ... on level 11 of the Dungeon.
             The game lasted 00:16:50 (16283 turns).

Johnny the Geomancer (Demigod Earth Elementalist)  Turns: 16283, Time: 00:16:52

Health: -2/74      AC:  4    Str: 11    XL:     11   Next: 28%
Magic:  25/27      EV: 12    Int: 25    God:
Gold:   758        SH:  7    Dex: 18    Spells: 9/26 levels left

rFire    + . .     SeeInvis .   B - staff of earth
rCold    . . .     Gourm    .   v - +0 buckler
rNeg     . . .     Faith    .   k - +2 robe {MR+}
rPois    .         Spirit   .   (no helmet)
rElec    .         Reflect  .   (no cloak)
rCorr    +         Harm     .   (no gloves)
MR       ++...                  (no boots)
Stlth    ++........             t - amulet of the acrobat
HPRegen  0.22/turn              g - ring of resist corrosion
MPRegen  0.20/turn              A - ring of protection from fire

@: very slightly contaminated
A: agile 1, high mp 1
a: no special abilities


You were on level 11 of the Dungeon.
You were not hungry.

You visited 1 branch of the dungeon, and saw 12 of its levels.

You collected 758 gold pieces.

Inventory:

Hand Weapons
 o - a +4 dagger of protection
Missiles
 j - 98 stones (quivered)
Armour
 k - a +2 robe of magic resistance (worn)
 v - a +0 buckler (worn)
Magical Staves
 B - an uncursed staff of earth (weapon)
Jewellery
 g - a ring of resist corrosion (left hand)
 h - an uncursed amulet of reflection
 l - an uncursed ring of ice
 t - an amulet of the acrobat (around neck)
 A - a ring of protection from fire (right hand)
Wands
 b - a wand of polymorph (3)
 e - a wand of enslavement (17)
 u - a wand of disintegration (16)
 y - a wand of random effects (2)
Scrolls
 a - 6 scrolls of remove curse
 n - 4 scrolls of teleportation
 s - 2 scrolls of magic mapping
 w - a scroll of noise
 x - 7 scrolls of fog
 D - a scroll of vulnerability {unknown}
 E - a scroll of immolation {unknown}
 F - a scroll of silence {unknown}
Potions
 c - a potion of stabbing
 f - 3 potions of brilliance
 i - 2 potions of degeneration
 m - a potion of flight
 p - 3 potions of curing
 q - a potion of heal wounds
 r - 2 potions of magic
 z - a potion of berserk rage
Comestibles
 d - 13 rations
 C - 2 chunks of flesh


   Skills:
 - Level 1.7 Dodging
 - Level 1.7 Stealth
 + Level 8.2 Shields
 + Level 8.1 Spellcasting
 - Level 0.8 Transmutations
 * Level 12.2 Earth Magic


You had 9 spell levels left.
You knew the following spells:

 Your Spells              Type           Power        Failure   Level  Hunger
a - Sandblast             Erth           ######       1%          1    None
b - Stone Arrow           Conj/Erth      ######       1%          3    None
c - Lee's Rapid Deconstr  Erth           #######...   1%          5    ####...
d - Petrify               Tmut/Erth      ######..     4%          4    ##.....
e - Blink                 Tloc           N/A          9%          2    None
f - Passwall              Tmut/Erth      ######..     1%          2    None

Your spell library contained the following spells:

 Spells                   Type           Power        Failure   Level  Hunger
 Beastly Appendage        Tmut           ##....       4%          1    None
 Magic Dart               Conj           ##..         6%          1    None
 Summon Small Mammal      Summ           ##..         6%          1    None
 Sticks to Snakes         Tmut           ##......     6%          2    None
 Call Imp                 Summ           ##......     9%          2    None
 Slow                     Hex            ##......     9%          2    None
 Spider Form              Tmut/Pois      ##........   16%         3    None
 Call Canine Familiar     Summ           ##......     19%         3    None
 Conjure Flame            Conj/Fire      ##......     19%         3    None
 Mephitic Cloud           Conj/Pois/Air  ##......     19%         3    None
 Summon Guardian Golem    Hex/Summ       ##......     19%         3    None
 Ice Form                 Ice/Tmut       ##......     45%         4    ##.....
 Summon Ice Beast         Ice/Summ       ##......     52%         4    ##.....
 Summon Lightning Spire   Summ/Air       ##......     52%         4    ##.....
 Blade Hands              Tmut           ##........   75%         5    ####...


Dungeon Overview and Level Annotations

Branches:
Dungeon (12/15)            Temple (0/1) D:6            Lair (0/6) D:9
    Orc (0/2) D:11

Shops:
D:11 :

Annotations:
D:12 Sonja


Innate Abilities, Weirdness & Mutations

You have an increased reservoir of magic. (+10% MP)
You are agile. (Dex +2)


Message History

The eight-headed hydra misses you. The eight-headed hydra bites you.
You block the eight-headed hydra's attack.
You climb upwards.
There is a stone staircase leading down here.
Casting: Sandblast (safe; 1% risk of failure)
Confirm with . or Enter, or press ? or * to list all spells.
Okay, then.
Casting: Sandblast (safe; 1% risk of failure)
Confirm with . or Enter, or press ? or * to list all spells.
You miscast Blink.
You are very lightly contaminated with residual magic.
Nothing appears to happen.
The eight-headed hydra barely misses you. x2
The eight-headed hydra bites you! The eight-headed hydra bites you.
* * * LOW HITPOINT WARNING * * *
The eight-headed hydra bites you!
* * * LOW HITPOINT WARNING * * *
The eight-headed hydra bites you but does no damage.
The eight-headed hydra bites you!
You die...

#.⌠.⌠.......#.#..#..........####
########......#......##....[)...
#...##.....##...#...####.
#.....#..[...............
#..##....#..####.##......
#..#####.#.......##...##. #..#
#................## ###..##
#...).....######..# #.....#
#.@.......# #..# #.....#
#..D......# ####..# #.....#
#.<.......# #...... #.....#
#.........# #...... #.....#
#..##..#.## #..(... #.....#
#....#.#.## #...... #.....#
#.##...#..# ######. #.....#
#.###..##.# #. ####### #.#
#####.###### ##


You could see an eight-headed hydra.

Vanquished Creatures
  Erica (D:10)
  3 two-headed ogres
  Pikel (D:8)
  An unseen horror (D:11)
  An ugly thing (D:11)
  A moth of wrath (D:8)
  A komodo dragon (D:10)
  A troll (D:10)
  Prince Ribbit (D:9)
  2 hippogriffs
  2 wyverns (D:9)
  A vampire (D:8)
  Grum (D:11)
  A hungry ghost (D:8)
  A basilisk (D:11)
  A steam dragon (D:9)
  5 orc warriors
  2 phantoms
  4 slaves
  2 ice beasts (D:8)
  6 sky beasts
  4 ogres
  2 eyes of draining (D:10)
  A necrophage (D:8)
  4 wolves (D:11)
  6 centaurs
  3 crocodiles
  Blork the orc (D:5)
  4 bullfrogs
  2 water moccasin zombies
  A wyvern skeleton (D:6)
  4 scorpions
  6 killer bees (D:8)
  2 howler monkeys (D:9)
  5 crimson imps
  2 bullfrog zombies
  A centaur zombie (D:10)
  A quasit (D:10)
  5 orc priests
  3 jellies
  2 bullfrog skeletons
  4 hounds
  8 orc wizards
  2 iguanas
  7 worker ants
  4 gnolls (D:7)
  7 adders
  A howler monkey skeleton (D:8)
  2 shadow imps
  2 adder zombies
  2 adder skeletons
  A worm (D:2)
  2 dart slugs
  4 leopard geckos
  46 orcs
  3 ball pythons
  5 giant cockroaches
  7 goblins
  7 hobgoblins
  2 jackals (D:5)
  A quokka (D:7)
  7 bats
  9 frilled lizards
  A jackal skeleton (D:4)
  4 kobolds
  2 quokka skeletons (D:4)
  A quokka zombie (D:5)
  7 rats
246 creatures vanquished.

Notes
Turn   | Place    | Note
-------+----------+-------------------------------------------
     0 | D:1      | Johnny the Demigod Earth Elementalist began the quest for
                  | the Orb.
     0 | D:1      | Reached XP level 1. HP: 14/14 MP: 5/5
   392 | D:1      | Reached skill level 3 in Earth Magic
   540 | D:1      | Reached XP level 2. HP: 6/20 MP: 0/7
  1701 | D:2      | Found a faded altar of an unknown god.
  1838 | D:2      | Reached XP level 3. HP: 24/26 MP: 9/9
  1934 | D:2      | Found a hazy altar of Hepliaklqana.
  2920 | D:3      | Reached skill level 4 in Earth Magic
  3332 | D:4      | Reached XP level 4. HP: 14/33 MP: 5/10
  3336 | D:4      | Gained mutation: Armour fits poorly on your strangely
                  | shaped body. [potion of mutation]
  3336 | D:4      | Gained mutation: Potions are less effective at restoring
                  | your health. [potion of mutation]
  3336 | D:4      | Gained mutation: You have a pair of small horns on your
                  | head. [potion of mutation]
  3336 | D:4      | Gained mutation: You have supernaturally acute eyesight.
                  | (SInv) [potion of mutation]
  3362 | D:3      | Lost mutation: Armour fits poorly on your strangely shaped
                  | body. [potion of mutation]
  3362 | D:3      | Lost mutation: You have a pair of small horns on your head.
                  | [potion of mutation]
  3362 | D:3      | Gained mutation: You are somewhat resistant to further
                  | mutation. [potion of mutation]
  3364 | D:3      | Lost mutation: Potions are less effective at restoring your
                  | health. [potion of mutation]
  3364 | D:3      | Lost mutation: You have supernaturally acute eyesight.
                  | (SInv) [potion of mutation]
  3364 | D:3      | Lost mutation: You are somewhat resistant to further
                  | mutation. [potion of mutation]
  3364 | D:3      | Gained mutation: You tend to lose your temper in combat.
                  | [potion of mutation]
  3364 | D:3      | Gained mutation: You are clumsy. (Dex -2) [potion of
                  | mutation]
  3364 | D:3      | Gained mutation: You can translocate small distances at
                  | will. [potion of mutation]
  3365 | D:3      | Lost mutation: You can translocate small distances at will.
                  | [potion of mutation]
  3365 | D:3      | Lost mutation: You tend to lose your temper in combat.
                  | [potion of mutation]
  3365 | D:3      | Gained mutation: You are occasionally teleported next to
                  | monsters. [potion of mutation]
  3365 | D:3      | Lost mutation: You are clumsy. (Dex -2) [potion of
                  | mutation]
  3578 | D:4      | Lost mutation: You are occasionally teleported next to
                  | monsters. [potion of mutation]
  3578 | D:4      | Gained mutation: You have a pair of small horns on your
                  | head. [potion of mutation]
  3578 | D:4      | Gained mutation: Your muscles are strong. (Str +2) [potion
                  | of mutation]
  4010 | D:4      | Reached XP level 5. HP: 34/38 MP: 10/12
  4021 | D:4      | Found a shadowy altar of Dithmenos.
  4036 | D:4      | Reached skill level 1 in Shields
  4641 | D:5      | Entered Level 5 of the Dungeon
  4695 | D:5      | Learned a level 2 spell: Passwall
  4793 | D:5      | Reached skill level 5 in Earth Magic
  5056 | D:5      | Noticed a phantom
  5075 | D:5      | Killed a phantom
  5075 | D:5      | Reached XP level 6. HP: 35/45 MP: 8/14
  5625 | D:5      | Got an opal-encrusted scale mail
  5636 | D:5      | Identified the cursed +0 scale mail "Zaic" {rF- rN+ Stlth+}
                  | (You found it on level 5 of the Dungeon)
  5753 | D:5      | Reached skill level 6 in Earth Magic
  5753 | D:5      | Reached XP level 7. HP: 19/50 MP: 11/15
  6178 | D:5      | Noticed Blork the orc
  6182 | D:5      | Killed Blork the orc
  7298 | D:6      | Found a staircase to the Ecumenical Temple.
  7399 | D:6      | Reached skill level 7 in Earth Magic
  7592 | D:6      | Reached XP level 8. HP: 40/57 MP: 13/18
  8421 | D:7      | Noticed a hippogriff
  8706 | D:6      | Learned a level 3 spell: Stone Arrow
  8799 | D:7      | Killed a hippogriff
  8799 | D:7      | Reached skill level 5 in Spellcasting
  8799 | D:7      | Reached skill level 8 in Earth Magic
  9804 | D:8      | Noticed Pikel
  9820 | D:8      | Noticed a two-headed ogre
  9837 | D:7      | Lost mutation: Your muscles are strong. (Str +2) [potion of
                  | mutation]
  9837 | D:7      | Lost mutation: You have a pair of small horns on your head.
                  | [potion of mutation]
  9837 | D:7      | Gained mutation: Your body sometimes deteriorates upon
                  | taking damage. [potion of mutation]
  9837 | D:7      | Gained mutation: You occasionally shout uncontrollably at
                  | your foes. [potion of mutation]
  9837 | D:7      | Gained mutation: Your spells are a little easier to cast,
                  | but a little less powerful. [potion of mutation]
  9837 | D:7      | Gained mutation: You have sharp toenails. [potion of
                  | mutation]
  9844 | D:7      | Killed a two-headed ogre
  9844 | D:7      | Reached skill level 5 in Shields
  9844 | D:7      | Reached XP level 9. HP: 4/62 MP: 0/21
  9845 | D:7      | Lost mutation: You occasionally shout uncontrollably at
                  | your foes. [potion of mutation]
  9845 | D:7      | Lost mutation: Your body sometimes deteriorates upon taking
                  | damage. [potion of mutation]
  9845 | D:7      | Lost mutation: Your spells are a little easier to cast, but
                  | a little less powerful. [potion of mutation]
  9845 | D:7      | Lost mutation: You have sharp toenails. [potion of
                  | mutation]
  9845 | D:7      | Gained mutation: You are agile. (Dex +2) [potion of
                  | mutation]
 10446 | D:7      | Learned a level 5 spell: Lee's Rapid Deconstruction
 10451 | D:7      | Learned a level 4 spell: Petrify
 10454 | D:7      | Learned a level 2 spell: Blink
 10461 | D:8      | Killed Pikel
 10461 | D:8      | Reached skill level 9 in Earth Magic
 10780 | D:8      | Noticed a centaur warrior
 11580 | D:8      | Reached skill level 10 in Earth Magic
 12016 | D:8      | Noticed a moth of wrath
 12016 | D:8      | a centaur warrior changed into a moth of wrath
 12023 | D:8      | Killed a moth of wrath
 12024 | D:8      | Reached XP level 10. HP: 13/69 MP: 4/23
 12861 | D:9      | Noticed Prince Ribbit
 12873 | D:9      | Killed Prince Ribbit
 13727 | D:9      | Found a staircase to the Lair.
 13902 | D:10     | Entered Level 10 of the Dungeon
 13915 | D:10     | Noticed Erica
 13915 | D:10     | Noticed a two-headed ogre
 14023 | D:10     | Killed Erica
 14023 | D:10     | Reached skill level 11 in Earth Magic
 14093 | D:10     | Killed a two-headed ogre
 14264 | D:10     | Got a crude plate armour
 14289 | D:10     | Noticed a two-headed ogre
 14296 | D:10     | Killed a two-headed ogre
 14336 | D:10     | Identified the +9 plate armour "Guall" {Int+2} (You found
                  | it on level 10 of the Dungeon)
 14874 | D:10     | Reached XP level 11. HP: 67/74 MP: 17/26
 15281 | D:11     | Killed an unseen horror
 15378 | D:11     | Reached skill level 12 in Earth Magic
 15476 | D:11     | Found a staircase to the Orcish Mines.
 15680 | D:11     | Noticed Grum
 15685 | D:11     | Killed Grum
 15816 | D:11     | Found Utorra's Book Emporium.
 16049 | D:12     | Noticed a two-headed ogre
 16050 | D:12     | Noticed Sonja
 16280 | D:12     | Noticed an eight-headed hydra
 16283 | D:11     | Slain by an eight-headed hydra

Illustrated notes

Levels and vault maps discovered:
D:1:      minmay_arrival_split_and_join, layout_rooms, st_stairs_6,
          minmay_misc_feat_doors
D:2:      layout_rooms, marbit_many_paths, first_ration,
          chequers_ecumenical_altar_simple_redux
D:3:      layout_rooms, minmay_fountain_box
D:4:      layout_loops_cross, nicolae_dithmenos_shadow_blocks
D:5:      layout_basic, serial_glass, glass_columns_c, glass_columns_a,
          minmay_strange_pillars, due_unseen_surprise, minmay_quadrilaterals,
          uniq_blork_the_orc
D:6:      layout_gridville, minmay_temple_entry_offerings, corexii_checkpoint_b
D:7:      layout_basic, kennysheep_generic_room_4
D:8:      minmay_cornered_nines, layout_gridville, uniq_pikel
D:9:      layout_rooms, erik_lair_dragon, uniq_prince_ribbit1
D:10:     layout_roguey, grunt_pizzeria, uniq_erica
D:11:     layout_rooms, orc_0_dummy, serial_shops, shop_fountains, uniq_grum
D:12:     layout_cave_pools, uniq_kirke, uniq_sonja

Skill      XL: |  1  2  3  4  5  6  7  8  9 10 11 |
---------------+----------------------------------+-----
Earth Magic    | 3 4 5 6 7 8 10 11 12 | 12.2
Spellcasting   | 2 3 4 5 6 7 8 |  8.1
Shields        | 1 2 3 5 6 7 8 |  8.2
Dodging        | |  1.7
Stealth        | |  1.7
Transmutations | |  0.8

Action                   |  1- 3 |  4- 6 |  7- 9 | 10-12 || total
-------------------------+-------+-------+-------+-------++-------
Melee: Spear             |   109 |       |       |       ||   109
       Unarmed           |     5 |       |       |       ||     5
       Dagger            |     2 |    99 |    61 |     7 ||   169
       Headbutt          |       |    18 |    13 |       ||    31
       Hand axe          |       |       |    42 |       ||    42
       Kick              |       |       |     4 |       ||     4
       Staff             |       |       |       |    10 ||    10
Throw: Stone             |       |       |       |     1 ||     1
 Cast: Sandblast         |    45 |    36 |    60 |    82 ||   223
       Passwall          |       |     2 |       |       ||     2
       Stone Arrow       |       |       |    71 |    53 ||   124
       Lee's Rapid Decon |       |       |    10 |    24 ||    34
Evoke: Wand              |       |     4 |    11 |     1 ||    16
  Use: Scroll            |     1 |     2 |    14 |     7 ||    24
       Potion            |       |     9 |     7 |       ||    16
 Stab: Sleeping          |     7 |     3 |     1 |       ||    11
  Eat: Chunk             |     8 |     4 |     8 |    16 ||    36
       Ration            |       |     1 |     4 |     1 ||     6
Armor: Robe              |    22 |    11 |    28 |    11 ||    72
       Steam dragon scal |       |       |       |     3 ||     3
Dodge: Dodged            |    79 |    54 |   154 |    52 ||   339
Block: Buckler           |     1 |    15 |    42 |    32 ||    90
